 Dungeon Crawl Stone Soup version 0.32-a0-876-gcfddb08e57 (webtiles) character file.

Game seed: 10262462027044302564

252 Griffin23 the Shield-Bearer (level 5, -4/39 (47) HPs)
             Began as a Minotaur Fighter on Apr 2, 2024.
             Slain by Duvessa
             ... wielding a +3 short sword of draining
              (6 damage)
             ... on level 4 of the Dungeon.
             The game lasted 00:06:07 (3021 turns).

Griffin23 the Shield-Bearer (Minotaur Fighter)      Turns: 3021, Time: 00:06:07

HP:   -4/39 (47)    AC: 14    Str: 28    XL:     5   Next: 89%
MP:   4/4           EV:  6    Int:  5    God:
Gold: 235           SH:  4    Dex: 10    Spells: 4/4 levels left

rFire   . . .        p - +0 spear
rCold   . . .        c - +0 buckler
rNeg    + . .        u - +0 plate armour
rPois   .            (helmet restricted)
rElec   .            s - +0 cloak
rCorr   .            (no gloves)
SInv    .            i - +0 pair of boots
Will    .....        z - amulet of magic regeneration Stlth
                     t - ring of positive energy
HPRegen 0.26/turn    v - +6 ring of strength
MPRegen 0.49/turn

%: no passive effects
@: heavily drained
A: horns 2, retaliatory headbutt
a: no special abilities


You were on level 4 of the Dungeon.
You visited 1 branch of the dungeon, and saw 4 of its levels.

You collected 263 gold pieces.
You spent 28 gold pieces at shops.

Inventory:

Hand Weapons
 a - a +0 war axe
 p - a +0 spear (weapon)
Missiles
 q - 2 throwing nets (quivered)
 r - 3 boomerangs
Armour
 b - a +0 scale mail
 c - a +0 buckler (worn)
 i - a +0 pair of boots (worn)
 s - a +0 cloak (worn)
 u - a +0 plate armour (worn)
Jewellery
 t - a ring of positive energy (left hand)
 v - a +6 ring of strength (right hand)
 x - a ring of magical power
 z - an amulet of magic regeneration (around neck)
Wands
 o - a wand of light (9)
Scrolls
 e - a scroll of fog {unknown}
 h - 5 scrolls of identify
 j - a scroll of noise {unknown}
 m - 2 scrolls of teleportation {unknown}
 n - a scroll of enchant armour {unknown}
 y - a scroll of poison {unknown}
Potions
 f - a potion of heal wounds {unknown}
 g - 2 potions of curing
 k - a potion of resistance {unknown}
 l - a potion of degeneration {unknown}
 w - a potion of lignification {unknown}


   Skills:
 + Level 4.8 Fighting
 - Level 3.6(4.2) Axes
 * Level 3.1(4.0) Polearms
 + Level 4.8 Armour
 + Level 4.8 Shields


You had 4 spell levels left.
You didn't know any spells.
Your spell library contained the following spells:

 Spells                   Type           Power      Damage    Failure   Level
 Sting                    Conj/Alch      0%         1d3       100%        1
 Mercury Vapours          Alch/Air       0%         N/A       100%        2
 Static Discharge         Conj/Air       0%         3-3/arc   100%        2
 Mephitic Cloud           Conj/Alch/Air  0%         N/A       100%        3
 Airstrike                Air            0%         2d(0-16)  100%        4
 Olgreb's Toxic Radiance  Alch           0%         N/A       100%        4
 Summon Lightning Spire   Summ/Air       0%         N/A       100%        4
 Freezing Cloud           Conj/Ice/Air   0%         6-21      100%        5
 Ozocubu's Refrigeration  Ice            0%         4d7       100%        7
 Discord                  Hex            0%         N/A       100%        8


Dungeon Overview and Level Annotations

Branches:
Dungeon (4/15)
 Temple: D:4-7

Altars:

Shops:
D:1 *(:   D:3 (*(=

Annotations:
D:4 Dowan, Duvessa


Innate Abilities, Weirdness & Mutations

You have a pair of horns on your head.
You reflexively headbutt those who attack you in melee.


Message History

You kill the goblin!
Dowan hits you with a +0 dagger.
* * * LOW HITPOINT WARNING * * *
A rat comes into view.
Duvessa hits you with a +3 short sword of draining.
* * * LOW HITPOINT WARNING * * *
You partially resist.
You feel drained.
* * * LOW HITPOINT WARNING * * *
It was a potion of curing.
You feel better.
The rat squeaks loudly.
Dowan points at you and mumbles some strange words.
You block the puff of flame. The rat bites you but does no damage.
You block Duvessa's attack.
You completely miss Duvessa.
Duvessa is severely wounded.
Duvessa hits you but does no damage. You partially resist.
Dowan gestures at you while chanting. The puff of frost misses you.
You block the rat's attack.
You hit Duvessa but do no damage. You headbutt Duvessa.
Duvessa is severely wounded.
Duvessa hits you with a +3 short sword of draining.
You partially resist.
You feel drained. Dowan hits you but does no damage.
The rat bites you but does no damage. Duvessa hits you but does no damage.
You partially resist.
You puncture Duvessa!
Duvessa is almost dead.
Duvessa hits you but does no damage. You partially resist.
Dowan hits you with a +0 dagger.
* * * LOW HITPOINT WARNING * * *
The rat closely misses you. You furiously retaliate!
You headbutt the rat!
You kill the rat!
You hit Duvessa but do no damage.
Duvessa is almost dead.
Duvessa hits you with a +3 short sword of draining!
* * * LOW HITPOINT WARNING * * *
You partially resist.
You feel drained.
A rat comes into view.
Dowan hits you but does no damage.
Duvessa hits you with a +3 short sword of draining.
You die...

#.. ##. ..# #...#####..
..### #......#..# ...##
#..........#
...##...#####..##
#.$....# #..#
..######.....# ##..#
......e.....# ###...##
#...r.w@....# ###......#
....<.e.....###......#..
r#..#######......######.
#. #...#### # #...##
#..##.# #.## ##. # #. #


You could see Duvessa (fast), Dowan, a ribbon worm and 2 rats.

Vanquished Creatures
  A hound (D:4)
  2 orc priests
  A bombardier beetle (D:4)
  An iguana (D:4)
  An adder (D:3)
  A ribbon worm (D:2)
  3 dart slugs
  12 orcs
  4 ball pythons
  7 endoplasms
  2 giant cockroaches (D:1)
  3 goblins
  8 hobgoblins
  6 jackals
  3 kobolds
  5 quokkas
  8 bats
  A frilled lizard (D:2)
  4 rats
73 creatures vanquished.

Notes
Turn   | Place    | Note
-------+----------+-------------------------------------------
     0 | D:1      | Griffin23 the Minotaur Fighter began the quest for the Orb.
     0 | D:1      | Reached XP level 1. HP: 19/19 MP: 0/0
   238 | D:1      | Found Peyvimme's General Store.
   244 | D:1      | Reached XP level 2. HP: 27/27 MP: 1/1
   447 | D:1      | Found Nialujo's Antique Weapon Boutique.
   550 | D:1      | Found Gulaxetz's Book Shoppe.
   731 | D:1      | Reached XP level 3. HP: 33/33 MP: 2/2
   742 | D:1      | Found a faded altar of an unknown god.
  1725 | D:3      | Found Ipyqinew's General Store.
  1740 | D:3      | Bought a scroll of identify for 28 gold pieces
  1761 | D:3      | Found Ugust's Weapon Boutique.
  1943 | D:3      | Reached skill level 1 in Polearms
  1943 | D:3      | Reached XP level 4. HP: 6/40 MP: 3/3
  2493 | D:3      | Found Wiular's Weapon Boutique.
  2548 | D:3      | Found Diapt's Jewellery Emporium.
  2794 | D:4      | Reached XP level 5. HP: 34/47 MP: 4/4
  3003 | D:4      | Noticed Duvessa
  3005 | D:4      | Noticed Dowan
  3021 | D:4      | HP: 2/40 [Duvessa/+3 short sword of draining (9)]
  3021 | D:4      | Slain by Duvessa

Illustrated notes

Levels and vault maps discovered:
D:1:      matt_arrival_spirals, layout_basic, serial_shops,
          nicolae_shop_tiny_statue_garden, nicolae_diamond_shop,
          nicolae_shop_temple_entry_statues_fountains,
          hellmonk_ecumenical_altar_inner_sanctum,
          nicolae_houndstooth_variations
D:2:      kennysheep_big_flooded_room, layout_basic, grunt_decor_one_mirror,
          minmay_misc_feat_nine_boxes
D:3:      layout_loops_ring, serial_shops, shop, shop,
          nicolae_shop_gaudy_bauble, nicolae_shop_trees
D:4:      layout_layer_cave, portal_sewer_entry_e, uniq_duvessa

Skill      XL: |  1  2  3  4  5 |
---------------+----------------+-----
Axes           | 3 |  3.6
Fighting       | 4 |  4.8
Armour         | 4 |  4.8
Shields        | 4 |  4.8
Polearms       | 1 2 3 |  3.1

Action                     |  1- 3 |  4- 6 || total
---------------------------+-------+-------++-------
  Melee: War axe           |    78 |       ||    78
         Headbutt          |     9 |    12 ||    21
         Spear             |    15 |    93 ||   108
    Use: Potion            |     1 |     2 ||     3
 Armour: Scale mail        |    73 |     2 ||    75
         Plate armour      |       |    62 ||    62
  Dodge: Dodged            |    38 |    19 ||    57
  Block: Buckler           |    18 |    18 ||    36

Table legend: (Time is in decaauts)
 A = Elapsed time spent in this place.
 B = Non-inter-level travel time spent in this place.
 C = Inter-level travel time spent in this place.
 D = Time resting spent in this place.
 E = Time spent auto-exploring this place.
 F = Levels seen in this place.
 G = Mean time per level.
                   A        B        C        D        E       F      G
               +--------+--------+--------+--------+--------+-----+--------+
         Total |   3046 |   2766 |    280 |    124 |   2154 |   4 |  761.5 |
       Dungeon |   3046 |   2766 |    280 |    124 |   2154 |   4 |  761.5 |
               +--------+--------+--------+--------+--------+-----+--------+

Top non-repeatable levels by time:
     D:1: 1038 daAuts
     D:3: 884 daAuts
     D:2: 753 daAuts
     D:4: 370 daAuts
